 Dungeon Crawl Stone Soup version 0.25.1-11-g244df3a29b (webtiles) character file.

Game seed: 3358019529265439300

8600 DeepDeath the Slicer (level 11, -1/56 HPs)
             Began as a Spriggan Berserker on Feb 6, 2024.
             Was a Priest of Trog.
             Slain by a wolf (3 damage)
             ... on level 1 of the Lair of Beasts.
             The game lasted 00:54:03 (14155 turns).

DeepDeath the Slicer (Spriggan Berserker)          Turns: 14155, Time: 00:54:03

Health: -1/56      AC:  4    Str: 16    XL:     11   Next: 12%
Magic:  15/15      EV: 32    Int:  9    God:    Trog [***...]
Gold:   527        SH:  0    Dex: 16    Spells: 10/10 levels left

rFire    . . .     SeeInvis +   w - +3 dagger
rCold    . . .     Gourm    .   (shield restricted)
rNeg     . . .     Faith    .   b - +0 animal skin
rPois    .         Spirit   .   (helmet restricted)
rElec    .         Reflect  .   i - +1 cloak
rCorr    .         Harm     .   (gloves unavailable)
MR       +++..                  (boots unavailable)
Stlth    +++++.....             (no amulet)
HPRegen  1.18/turn              y - +4 ring of evasion
MPRegen  0.14/turn              f - +4 ring of evasion

@: very slightly contaminated, regenerating, very quick
A: very small, unfitting armour, see invisible, herbivore, speed 3, slow
metabolism 2
a: Berserk, Trog's Hand, Renounce Religion


You were on level 1 of the Lair of Beasts.
You worshipped Trog.
Trog was most pleased with you.
You were not hungry.

You visited 2 branches of the dungeon, and saw 11 of its levels.

You collected 642 gold pieces.
You spent 115 gold pieces at shops.

Inventory:

Hand Weapons
 d - a +2 dagger of holy wrath
 j - a +0 short sword
 q - a +0 hunting sling
 v - a +1 falchion of protection
 w - a +3 dagger (weapon)
 z - a +0 long sword
 A - a +0 short sword
Missiles
 c - 200 stones (quivered)
 g - 58 bolts
 n - 145 arrows
 x - 47 sling bullets
 B - 9 boomerangs
Armour
 b - a +0 animal skin (worn)
 i - a +1 cloak (worn)
Jewellery
 f - a +4 ring of evasion (right hand)
 p - an uncursed ring of flight
 y - a +4 ring of evasion (left hand)
Wands
 r - a wand of iceblast (6)
 u - a wand of polymorph (32)
 E - a wand of digging (6)
Scrolls
 e - a scroll of magic mapping
 h - 4 scrolls of teleportation
 k - 4 scrolls of identify
 o - 4 scrolls of remove curse
 C - 2 scrolls of enchant armour
 I - a scroll of silence
Potions
 a - a potion of magic
 l - 4 potions of stabbing
 s - 2 potions of curing
 t - a potion of mutation
 H - a potion of flight
Miscellaneous
 G - a phantom mirror


   Skills:
 + Level 6.2 Fighting
 - Level 11.9(12.1) Short Blades
 + Level 3.0(6.7) Long Blades
 - Level 5.7(6.0) Slings
 - Level 1.5(3.4) Throwing
 - Level 9.0 Dodging
 + Level 11.4 Stealth
 - Level 4.0 Evocations


You had 10 spell levels left.
You didn't know any spells.
Your spell library was empty.

Dungeon Overview and Level Annotations

Branches:
Dungeon (10/15)            Temple (0/1) D:5            Lair (1/6) D:8
    Orc (0/2) D:9

Altars:
Ashenzari
Cheibriados
Hepliaklqana
Kikubaaqudgha
Makhleb
Nemelex Xobeh
Qazlal
Ru
Sif Muna
Yredelemnul
Zin
The Shining One

Shops:
D:7 *


Innate Abilities, Weirdness & Mutations

You are very small and have problems with some larger weapons.
You are too small for most types of armour.
You have supernaturally acute eyesight. (SInv)
You are a herbivore.
You cover ground extremely quickly.
You need to consume almost no food.


Message History

2 wolves come into view.
The wolf howls!
You hear a howl!
A wolf comes into view.
A wolf comes into view. x3
Found 14 gold pieces and a ration.
You see here a ration.
You eat the ration.
That ration really hit the spot!
The wolf howls!
The wolf completely misses you. x2
A wolf comes into view.
The spriggan rider hits you from afar with a +0 spear!!
* * * LOW HITPOINT WARNING * * *
The wolf howls! x5
Unknown command.
Okay, then.
Unknown command.
Unknown command.
Unknown command.
The wolf completely misses you. The wolf bites you.
You die... ..h ...... #.# #...# ♣ hh....♣ #.# ##...### ♣ hhh.)..

#♣##.###....#P## ...
..8h...♣♣...h#..........
...
$.......................
...
........................
..
...8.....i.hh#....§.....
.
......h.hh.#..h.........
..8....@♣###............
........♣ #............
........# #####...#####
........# #....#
......♣## ###### h.....
.....# ..♣##


You could see a spriggan rider and 13 wolves.

Vanquished Creatures
  A hydra (D:9)
  An unseen horror (D:10)
  Maggie (Lair:1)
  A spiny frog (Lair:1)
  A komodo dragon (Lair:1)
  A hornet (D:10)
  A hippogriff (D:7)
  Prince Ribbit (D:5)
  8 yaks
  2 hungry ghosts
  A water moccasin (D:5)
  8 orc warriors
  A porcupine (Lair:1)
  5 ice beasts
  2 phantoms
  3 black bears
  3 ogres
  A wolf (Lair:1)
  4 centaurs
  A big kobold (D:10)
  6 bullfrogs
  A gnoll sergeant (D:9)
  3 killer bees (D:9)
  3 howler monkeys
  2 crimson imps
  A bullfrog zombie (D:9)
  A quasit (D:9)
  3 hounds
  Crazy Yiuf (D:6)
  3 orc priests
  A jelly (D:5)
  5 orc wizards
  5 iguanas
  4 bullfrog skeletons
  Natasha (thrice) (D:4)
  5 worker ants
  Terence (D:2)
  A hound zombie (D:10)
  3 hound skeletons
  14 adders
  3 gnolls (D:9)
  2 shadow imps
  2 oozes
  An adder zombie (D:9)
  An adder skeleton (D:7)
  7 worms
  2 dart slugs (D:4)
  4 leopard geckos
  47 orcs
  6 bats
  6 giant cockroaches
  8 goblins
  5 hobgoblins
  7 jackals
  4 quokkas
  A ball python (D:1)
  A ball python skeleton (D:5)
  3 frilled lizards
  3 jackal skeletons
  13 kobolds
  A leopard gecko skeleton (D:7)
  A quokka skeleton (D:5)
  4 rats
245 creatures vanquished.

Vanquished Creatures (others)
  A fungus (Lair:1)
1 creature vanquished.

Grand Total: 246 creatures vanquished

Notes
Turn   | Place    | Note
-------+----------+-------------------------------------------
     0 | D:1      | DeepDeath the Spriggan Berserker began the quest for the
                  | Orb.
     0 | D:1      | Reached XP level 1. HP: 11/11 MP: 2/2
   156 | D:1      | Reached skill level 1 in Stealth
   180 | D:1      | Reached XP level 2. HP: 16/16 MP: 3/3
   852 | D:2      | Reached ** piety under Trog
   852 | D:2      | Reached XP level 3. HP: 19/19 MP: 4/4
  1275 | D:2      | Reached skill level 5 in Short Blades
  1314 | D:2      | Found a sparkling altar of Nemelex Xobeh.
  1405 | D:2      | Reached XP level 4. HP: 22/23 MP: 5/5
  1580 | D:3      | Reached skill level 1 in Slings
  1689 | D:3      | Found a shattered altar of Ashenzari.
  1872 | D:3      | Reached XP level 5. HP: 27/27 MP: 6/6
  2335 | D:3      | Found a glowing golden altar of the Shining One.
  2338 | D:3      | Found a hazy altar of Hepliaklqana.
  2338 | D:3      | Found a sparkling altar of Nemelex Xobeh.
  2338 | D:3      | Found a basalt altar of Yredelemnul.
  2339 | D:3      | Noticed Terence
  2345 | D:3      | Found a burning altar of Makhleb.
  2345 | D:3      | Found a glowing silver altar of Zin.
  3360 | D:4      | Reached skill level 1 in Throwing
  3537 | D:4      | Noticed Natasha
  3541 | D:4      | Killed Natasha
  3541 | D:4      | Reached XP level 6. HP: 32/32 MP: 7/7
  3625 | D:4      | Noticed Natasha
  3647 | D:4      | Killed Natasha
  3897 | D:4      | Noticed Natasha
  3913 | D:4      | Killed Natasha
  4100 | D:2      | Killed Terence
  4191 | D:5      | Entered Level 5 of the Dungeon
  4191 | D:5      | Found a shattered altar of Ashenzari.
  4307 | D:5      | Noticed Prince Ribbit
  4312 | D:5      | Killed Prince Ribbit
  4312 | D:5      | Reached *** piety under Trog
  4312 | D:5      | Reached XP level 7. HP: 34/35 MP: 8/8
  4324 | D:5      | Found a staircase to the Ecumenical Temple.
  4477 | D:5      | Reached skill level 5 in Dodging
  4533 | D:5      | Reached skill level 5 in Stealth
  4656 | D:5      | Found a shimmering blue altar of Sif Muna.
  4815 | D:5      | Found a shattered altar of Ashenzari.
  4919 | D:5      | Reached XP level 8. HP: 40/40 MP: 9/9
  6469 | D:6      | Found a runed translucent door.
  6470 | D:6      | Noticed Crazy Yiuf
  7199 | D:7      | Reached skill level 1 in Evocations
  7339 | D:7      | Found an ancient bone altar of Kikubaaqudgha.
  7496 | D:6      | Killed Crazy Yiuf
  7650 | D:7      | Reached **** piety under Trog
  7858 | D:7      | Found a snail-covered altar of Cheibriados.
  7870 | D:7      | Found a stormy altar of Qazlal.
  7923 | D:7      | Reached XP level 9. HP: 17/45 MP: 11/11
  8201 | D:7      | Reached skill level 10 in Short Blades
  8779 | D:7      | Found Bicomiugg's Assorted Antiques.
  8784 | D:7      | Bought a tapered gold wand for 92 gold pieces
  8784 | D:7      | Bought a scroll labeled LESEOR YRONA for 23 gold pieces
  9790 | D:8      | Identified the Tome of Creative Clay
  9844 | D:8      | Found a staircase to the Lair.
 10078 | D:9      | Found a staircase to the Orcish Mines.
 10078 | D:9      | Noticed a gargoyle
 10132 | D:9      | Noticed a five-headed hydra
 10428 | D:9      | Found a shimmering blue altar of Sif Muna.
 10595 | D:9      | Reached skill level 5 in Slings
 10718 | D:9      | Found a sacrificial altar of Ru.
 11495 | D:9      | Reached XP level 10. HP: 51/51 MP: 12/12
 11541 | D:9      | Killed a five-headed hydra
 11541 | D:9      | Reached skill level 5 in Fighting
 11997 | D:10     | Entered Level 10 of the Dungeon
 12290 | D:10     | Reached skill level 10 in Stealth
 12463 | D:10     | Reached skill level 1 in Long Blades
 13299 | D:10     | Paralysed by a hornet for 3 turns
 13374 | D:10     | Noticed an unseen horror
 13588 | D:10     | Noticed an unseen horror
 13609 | D:10     | Killed an unseen horror
 13892 | Lair:1   | Entered Level 1 of the Lair of Beasts
 13929 | Lair:1   | Reached XP level 11. HP: 56/56 MP: 15/15
 14072 | Lair:1   | Noticed Maggie
 14084 | Lair:1   | Killed Maggie
 14142 | Lair:1   | Noticed a spriggan rider
 14154 | Lair:1   | HP: 1/56 [spriggan rider/+0 spear (25)]
 14155 | Lair:1   | Slain by a wolf

Illustrated notes

Levels and vault maps discovered:
D:1:      wander_arrival_chamber, layout_basic, columned_hall_lemuel,
          hangedman_abyss_or_decor_stabs
D:2:      layout_loops_ring, nemelex_xobeh_ov_fountains_minmay
D:3:      layout_basic, ashenzari_conservatory_becter,
          minmay_overflow_temple_hex, uniq_terence
D:4:      layout_basic, first_ration, uniq_natasha
D:5:      layout_gridville, lemuel_doored_altar, minmay_temple_entry_tees,
          basic_altar, cheibrodos_ashenzari_chains, uniq_prince_ribbit1
D:6:      layout_gridville, chequers_serial_rivers_room_a,
          uniq_crazy_yiuf_cottage
D:7:      layout_loops_cross, kennysheep_mini_moat, overflow_temple_1_default,
          kennysheep_little_box, serial_shops, nicolae_shop_crystal,
          corexii_leaking_fountain
D:8:      layout_rooms, lair_entry_dummy
D:9:      layout_roguey, nicolae_ru_great_annihilating_truth, david_orc_3,
          basic_altar
D:10:     layout_irregular_city, the_bakery, unseen_surprise_small
Lair:1:   layout_gridlike, grunt_forest_large_clearings, serial_bayou_shore_a,
          uniq_maggie

Skill      XL: |  1  2  3  4  5  6  7  8  9 10 11 |
---------------+----------------------------------+-----
Stealth        | 1 2 4 5 8 9 11 | 11.4
Short Blades   | 4 5 6 8 9 11 | 11.9
Slings         | 1 3 5 |  5.7
Throwing       | 1 |  1.5
Dodging        | 5 6 7 9 |  9.0
Fighting       | 3 4 6 |  6.2
Evocations     | 2 4 |  4.0
Long Blades    | 2 3 |  3.0

Action                   |  1- 3 |  4- 6 |  7- 9 | 10-12 || total
-------------------------+-------+-------+-------+-------++-------
Melee: Short sword       |   126 |   231 |   349 |   125 ||   831
       Dagger            |       |       |   195 |   253 ||   448
 Fire: Hunting sling     |       |       |   235 |    91 ||   326
Throw: Boomerang         |    22 |    36 |       |       ||    58
       Dart              |       |    34 |    22 |    16 ||    72
       Stone             |       |     7 |     7 |       ||    14
Invok: Berserk           |       |     3 |     5 |     4 ||    12
       Trog's Hand       |       |     2 |     4 |    10 ||    16
Evoke: Wand              |       |       |     5 |    13 ||    18
  Use: Scroll            |     2 |     8 |    10 |     4 ||    24
       Potion            |       |     3 |     3 |     1 ||     7
 Stab: Sleeping          |     3 |     9 |     9 |     1 ||    22
       Invisible         |       |       |     1 |       ||     1
  Eat: Ration            |       |     3 |     8 |     6 ||    17
Armor: Animal skin       |     8 |     5 |    37 |    12 ||    62
       Skin              |       |       |    11 |    40 ||    51
Dodge: Dodged            |    84 |   158 |   408 |   219 ||   869
